 Dungeon Crawl Stone Soup version 0.21-a0-29-g43b3074 (webtiles) character file.

88 tof the Twirler (level 4, -1/38 HPs)
             Began as a Minotaur Gladiator on May 26, 2017.
             Slain by grindst0ne's ghost (11 damage)
             ... on level 4 of the Dungeon.
             The game lasted 00:03:23 (2127 turns).

tof the Twirler (Minotaur Gladiator)                Turns: 2127, Time: 00:03:24

Health: -1/38      AC:  5    Str: 18    XL:     4   Next: 30%
Magic:  3/3        EV: 12    Int:  5    God:
Gold:   65         SH:  0    Dex: 13    Spells: 3/3 levels left

rFire    . . .     SeeInvis .   a - +0 quarterstaff
rCold    . . .     Gourm    .   (shield currently unavailable)
rNeg     . . .     Faith    .   t - +0 ring mail
rPois    .         Spirit   .   c - +0 hat
rElec    .         Reflect  .   (no cloak)
rCorr    +         Harm     .   (no gloves)
MR       .....                  (no boots)
Stlth    +.........             (no amulet)
Regen    0.2/turn               r - ring of resist corrosion
MPRegen  0.1/turn               s - +2 ring of slaying

@: no status effects
A: retaliatory headbutt, horns 2
a: no special abilities


You were on level 4 of the Dungeon.
You were not hungry.

You visited 1 branch of the dungeon, and saw 4 of its levels.

You collected 65 gold pieces.

Inventory:

Hand Weapons
 a - a +0 quarterstaff (weapon)
Missiles
 d - 3 throwing nets (quivered)
 h - 10 curare-tipped needles
Armour
 c - a +0 hat (worn)
 t - a +0 ring mail (worn)
Jewellery
 r - a ring of resist corrosion (left hand)
 s - a +2 ring of slaying (right hand)
Scrolls
 e - a scroll of remove curse {unknown}
 j - 2 scrolls of teleportation {unknown}
 l - a scroll of amnesia {unknown}
 p - a scroll of blinking {unknown}
 q - 3 scrolls of identify {unknown}
Potions
 b - a potion of curing {unknown}
 i - 2 potions of haste {unknown}
 k - 2 potions of degeneration {unknown}
 n - a potion of lignification {unknown}
Comestibles
 f - 3 bread rations
 g - 10 chunks of flesh
 m - a fruit
 o - 2 meat rations


   Skills:
 + Level 3.2 Fighting
 * Level 4.3 Staves
 + Level 2.4 Throwing
 * Level 2.6 Armour
 + Level 3.7 Dodging


You had 3 spell levels left.
You didn't know any spells.

Dungeon Overview and Level Annotations

Branches:
Dungeon (4/15)
 Temple: D:4-7

Altars:
Ashenzari

Annotations:
D:4 grindst0ne's ghost, novice FoFi


Innate Abilities, Weirdness & Mutations

You reflexively headbutt those who attack you in melee.
You have a pair of horns on your head.


Message History

(D) Dungeon
Where to? (Enter - D:3, ? - help)
There is an open door here.
Some of the chunks of flesh in your inventory have rotted away.
You see here a stone.
There is a stone staircase leading down here.
You climb downwards.
There is a stone staircase leading up here.
Grindst0ne's ghost (novice Formicid Fighter) comes into view.
Grindst0ne's ghost turns its malevolent gaze towards you.
There is a stone staircase leading up here.
Grindst0ne's ghost hits you!
You are too injured to fight recklessly!
You are too injured to fight recklessly!
You are too injured to fight recklessly!
Grindst0ne's ghost hits you!
* * * LOW HITPOINT WARNING * * *
There is a stone staircase leading up, spattered with blood here.
Grindst0ne's ghost hits you!
You die...

# ##### #.
..W. #. #..
#.. #.#
####..####.#
........W..#
###.##@##.#
#.##.#
#.##.#
#....#
#.#..#
#...## #..
...


You could see grindst0ne's ghost.

Vanquished Creatures
  An adder (D:2)
  A worm (D:2)
  3 dart slugs
  2 leopard geckos
  A ball python (D:3)
  4 giant cockroaches
  10 goblins
  5 hobgoblins
  6 jackals
  6 bats
  4 frilled lizards
  9 kobolds
  10 rats
62 creatures vanquished.

Notes
Turn   | Place    | Note
-------+----------+-------------------------------------------
     0 | D:1      | tof the Minotaur Gladiator began the quest for the Orb.
     0 | D:1      | Reached XP level 1. HP: 18/18 MP: 0/0
   241 | D:1      | Reached skill level 1 in Armour
   241 | D:1      | Reached XP level 2. HP: 24/25 MP: 1/1
   491 | D:1      | Reached XP level 3. HP: 18/30 MP: 2/2
   946 | D:2      | Reached skill level 4 in Staves
  1132 | D:2      | Found a shattered altar of Ashenzari.
  1290 | D:2      | Reached XP level 4. HP: 38/38 MP: 3/3
  2120 | D:4      | Noticed grindst0ne's ghost (novice FoFi)
  2127 | D:4      | Slain by grindst0ne's ghost

Vault maps used:
D:1:      dpeg_chamrin_arrival_tetris, minivault_24, kennysheep_crisscross
D:2:      ashenzari_altar_1
D:4:      lemuel_crystal_altar, minmay_temple_entry_enclosed_plants,
          first_bread, serial_shops, nicolae_shop_behind_doors,
          nicolae_shop_stone, nicolae_shop_stone, shop, shop, uniq_eustachio

Skill      XL: |  1  2  3 |
---------------+----------+-----
Armour         | 1 2 |  2.6
Staves         | 4 |  4.3
Fighting       | 3 |  3.2
Throwing       | |  2.4
Dodging        | |  3.7

Action                   |  1- 3 |  4- 6 || total
-------------------------+-------+-------++-------
Melee: Quarterstaff      |    72 |    33 ||   105
       Headbutt          |    14 |     4 ||    18
  Eat: Chunk             |     1 |     3 ||     4
Armor: Leather armour    |    21 |     8 ||    29
Dodge: Dodged            |    47 |    15 ||    62
